XFBL
MONTREAL EXPOS @ ATLANTA BRAVES
06/06/1982
 
TOP OF THE 1ST
Montreal Expos batting - Pitching for Atlanta Braves : RHP Alan Knicely
Pitching: RHP Alan Knicely
Batting: LHB Duane Walker 0-0: Ball
1-0: Ball
2-0: Ground out 6-3 (Groundball, 56, EV 98.1 MPH)
Batting: SHB Garry Templeton 0-0: Ball
1-0: SINGLE (Line Drive, 8LS, EV 98.8 MPH)
Batting: LHB Kirk Gibson 0-0: Called Strike
Garry Templeton steals 2nd base
0-1: Ball
1-1: Called Strike
1-2: Strikes out swinging
Batting: RHB Dale Murphy 0-0: Called Strike
0-1: Ball
1-1: Ball
2-1: Foul Ball, location: 2F
2-2: Ball
3-2: 2-RUN HOME RUN (Line Drive, 7LD, EV 109.4 MPH), Distance : 374 ft
Batting: RHB Dave Winfield 0-0: Ground out 6-3 (Groundball, 56D, EV 97.5 MPH)
Top of the 1st over - 2 runs, 2 hits, 0 errors, 0 left on base; Montreal 2 - Atlanta 0
BOTTOM OF THE 1ST
Atlanta Braves batting - Pitching for Montreal Expos : LHP Mark W Davis
Pitching: LHP Mark W Davis
Batting: RHB Gil Flores 0-0: Ball
1-0: Foul Ball, location: 2F
1-1: Ground out 1-3 (Groundball, 13S, EV 65.6 MPH)
Batting: LHB Leon Durham 0-0: Called Strike
0-1: Called Strike
0-2: Ball
1-2: Foul Ball, location: 2F
1-2: Foul Ball, location: 2F
1-2: Foul Ball, location: 2F
1-2: Ball
2-2: Strikes out looking
Batting: SHB Tony Fernandez 0-0: Called Strike
0-1: Ball
1-1: Reached on error, E1 (Groundball, 15S, EV 66.9 MPH)
Batting: LHB Karl Pagel 0-0: Ball
1-0: Called Strike
1-1: Foul Ball, location: 2F
1-2: Ball
2-2: SINGLE (Groundball, 4MD, EV 100.0 MPH)
Tony Fernandez to third
Runner from 3rd tries for Home, SAFE, throw by CF to home
Batting: LHB Joe L Morgan 0-0: Ball
1-0: Ball
2-0: Ball
3-0: Base on Balls
Karl Pagel to second
Batting: LHB Mike Hargrove 0-0: Ball
1-0: Foul Ball, location: 2F
1-1: Ball
2-1: Foul Ball, location: 2F
2-2: Foul Ball, location: 2F
2-2: Strikes out swinging
Bottom of the 1st over - 1 run, 1 hit, 1 error, 2 left on base; Montreal 2 - Atlanta 1
TOP OF THE 2ND
Montreal Expos batting - Pitching for Atlanta Braves : RHP Alan Knicely
Batting: LHB Timnothy Meyer 0-0: Swinging Strike
0-1: DOUBLE (Line Drive, 78XD, EV 104.4 MPH)
Batting: LHB Ernesto Quevedo 0-0: Swinging Strike
0-1: Called Strike
0-2: Ball
1-2: Ground out 4-3 (Groundball, 4, EV 105.0 MPH)
Timnothy Meyer to third
Batting: LHB Orlando Sanchez 0-0: Ball
1-0: Fly out, F8 (Flyball, 8RS, EV 90.6 MPH)
Batting: LHB Mark W Davis 0-0: Foul Ball, location: 2F
0-1: Swinging Strike
0-2: Ball
1-2: Foul Ball, location: 2F
1-2: Strikes out swinging
Top of the 2nd over - 0 runs, 1 hit, 0 errors, 1 left on base; Montreal 2 - Atlanta 1
BOTTOM OF THE 2ND
Atlanta Braves batting - Pitching for Montreal Expos : LHP Mark W Davis
Batting: RHB Adam Suman 0-0: Called Strike
0-1: Foul Ball, location: 2F
0-2: Ball
1-2: Fly out, F7 (Line Drive, 7, EV 93.8 MPH)
Batting: RHB Tom Veryzer 0-0: Called Strike
0-1: Ball
1-1: Called Strike
1-2: Strikes out swinging
Batting: RHB Alan Knicely 0-0: Swinging Strike
0-1: Foul Ball, location: 2F
0-2: Ball
1-2: Ball
2-2: Ball
3-2: Foul Ball, location: 2F
3-2: Foul Ball, location: 2F
3-2: Strikes out swinging
Bottom of the 2nd over - 0 runs, 0 hits, 0 errors, 0 left on base; Montreal 2 - Atlanta 1
TOP OF THE 3RD
Montreal Expos batting - Pitching for Atlanta Braves : RHP Alan Knicely
Batting: LHB Duane Walker 0-0: Swinging Strike
0-1: Ball
1-1: Ground out 4-3 (Groundball, 34, EV 84.4 MPH)
Batting: SHB Garry Templeton 0-0: Ball
1-0: Ground out U3 (Groundball, 3S, EV 83.8 MPH)
Batting: LHB Kirk Gibson 0-0: Called Strike
0-1: Ball
1-1: Ball
2-1: Swinging Strike
2-2: Strikes out looking
Top of the 3rd over - 0 runs, 0 hits, 0 errors, 0 left on base; Montreal 2 - Atlanta 1
BOTTOM OF THE 3RD
Atlanta Braves batting - Pitching for Montreal Expos : LHP Mark W Davis
Batting: RHB Gil Flores 0-0: Ball
1-0: Ball
2-0: Ground out 5-3 (Groundball, 56, EV 80.6 MPH)
Batting: LHB Leon Durham 0-0: Ball
1-0: Ball
2-0: Called Strike
2-1: Foul Ball, location: 2F
2-2: Ball
3-2: Ground out U3 (Groundball, 34, EV 76.9 MPH)
Batting: SHB Tony Fernandez 0-0: Ball
1-0: Ground out 4-3 (Groundball, 34, EV 95.0 MPH)
Bottom of the 3rd over - 0 runs, 0 hits, 0 errors, 0 left on base; Montreal 2 - Atlanta 1
TOP OF THE 4TH
Montreal Expos batting - Pitching for Atlanta Braves : RHP Alan Knicely
Batting: RHB Dale Murphy 0-0: Foul Ball, location: 2F
0-1: Ball
1-1: Ball
2-1: Ball
3-1: Foul Ball, location: 2F
3-2: SINGLE (Groundball, 56D, EV 108.8 MPH)
Batting: RHB Dave Winfield 0-0: Ball
1-0: Ball
2-0: Called Strike
2-1: Swinging Strike
2-2: Strikes out looking
Batting: LHB Timnothy Meyer 0-0: Called Strike
0-1: Swinging Strike
0-2: SINGLE (Groundball, 4MS, EV 64.4 MPH) (infield hit)
Dale Murphy to second
Batting: LHB Ernesto Quevedo 0-0: Ball
1-0: Ball
2-0: Ball
3-0: Called Strike
3-1: Called Strike
3-2: 3-RUN HOME RUN (Line Drive, 9LD, EV 104.4 MPH), Distance : 369 ft
Batting: LHB Orlando Sanchez 0-0: Ground out 6-3 (Groundball, 6, EV 89.4 MPH)
Batting: LHB Mark W Davis 0-0: Ground out 6-3 (Groundball, 6D, EV 108.8 MPH)
Top of the 4th over - 3 runs, 3 hits, 0 errors, 0 left on base; Montreal 5 - Atlanta 1
BOTTOM OF THE 4TH
Atlanta Braves batting - Pitching for Montreal Expos : LHP Mark W Davis
Batting: LHB Karl Pagel 0-0: Ball
1-0: Ground out 4-3 (Groundball, 4, EV 88.1 MPH)
Batting: LHB Joe L Morgan 0-0: Ball
1-0: Called Strike
1-1: SINGLE (Groundball, 6MD, EV 98.1 MPH)
Batting: LHB Mike Hargrove 0-0: Called Strike
0-1: Called Strike
Joe L Morgan steals 2nd base
0-2: Ball
1-2: Foul Ball, location: 2F
1-2: SINGLE (Flyball, 78S, EV 95.6 MPH)
Joe L Morgan to third
Runner from 3rd tries for Home, SAFE, throw by LF to home
Batting: RHB Adam Suman 0-0: Ball
1-0: Ball
2-0: Foul Ball, location: 2F
2-1: Ball
3-1: Foul Ball, location: 2F
3-2: 2-RUN HOME RUN (Flyball, 7D, EV 96.3 MPH), Distance : 388 ft
Batting: RHB Tom Veryzer 0-0: Swinging Strike
0-1: Swinging Strike
0-2: Ball
1-2: Ball
2-2: Strikes out swinging
Batting: RHB Alan Knicely 0-0: Called Strike
0-1: Called Strike
0-2: Ball
1-2: Ball
2-2: Ball
3-2: SINGLE (Groundball, 6MD, EV 93.8 MPH)
Batting: RHB Gil Flores 0-0: Ball
1-0: Ball
2-0: Called Strike
2-1: Swinging Strike
2-2: Fielders Choice at 2nd, 6-4 (Groundball, 6, EV 89.4 MPH)
Bottom of the 4th over - 3 runs, 4 hits, 0 errors, 1 left on base; Montreal 5 - Atlanta 4
TOP OF THE 5TH
Montreal Expos batting - Pitching for Atlanta Braves : RHP Alan Knicely
Batting: LHB Duane Walker 0-0: Ground out U3 (Groundball, 34, EV 78.1 MPH)
Batting: SHB Garry Templeton 0-0: Swinging Strike
0-1: Ball
1-1: SINGLE (Line Drive, 5, EV 98.8 MPH)
Batting: LHB Kirk Gibson 0-0: Ball
1-0: Foul Ball, location: 2F
1-1: Ball
2-1: Foul Ball, location: 2F
2-2: Fielders Choice at 2nd, 5-4 (Groundball, 56, EV 79.4 MPH)
Batting: RHB Dale Murphy 0-0: Ball
1-0: Foul Ball, location: 2F
1-1: Ball
2-1: SINGLE (Groundball, 6MD, EV 95.6 MPH)
Kirk Gibson to second
Runner from 2nd tries for 3rd, SAFE, no throw by CF
Batting: RHB Dave Winfield 0-0: Swinging Strike
0-1: Fly out, F8 (Flyball, 78XD, EV 103.8 MPH)
Top of the 5th over - 0 runs, 2 hits, 0 errors, 2 left on base; Montreal 5 - Atlanta 4
BOTTOM OF THE 5TH
Atlanta Braves batting - Pitching for Montreal Expos : LHP Mark W Davis
Batting: LHB Leon Durham 0-0: SINGLE (Groundball, 34D, EV 98.1 MPH)
Batting: SHB Tony Fernandez 0-0: Ball
1-0: Swinging Strike
1-1: Foul Ball, location: 2F
1-2: Ball
2-2: Ball
3-2: Strikes out looking
Batting: LHB Karl Pagel 0-0: Called Strike
0-1: Ball
1-1: Called Strike
Leon Durham steals 2nd base (no throw)
1-2: SINGLE (Groundball, 4MD, EV 98.1 MPH)
Leon Durham to third
Runner from 3rd tries for Home, SAFE, throw by CF to home
Batting: LHB Joe L Morgan 0-0: Called Strike
0-1: Ball
1-1: Ball
2-1: Foul Ball, location: 2F
2-2: Fielders Choice at 2nd, 4-6 (Groundball, 34, EV 83.1 MPH)
Batting: LHB Mike Hargrove 0-0: Called Strike
0-1: Foul Ball, location: 2F
0-2: SINGLE (Line Drive, 34D, EV 96.9 MPH)
Joe L Morgan to second
Runner from 2nd tries for 3rd, SAFE, throw by RF made to third
Batting: RHB Adam Suman 0-0: Ball
1-0: Foul Ball, location: 2F
Pickoff Throw to First - Out! 1-3
Bottom of the 5th over - 1 run, 3 hits, 0 errors, 1 left on base; Montreal 5 - Atlanta 5
TOP OF THE 6TH
Montreal Expos batting - Pitching for Atlanta Braves : RHP Alan Knicely
Batting: LHB Timnothy Meyer 0-0: Ground out 1-3 (Groundball, 13S, EV 66.9 MPH)
Batting: LHB Ernesto Quevedo 0-0: Ball
1-0: Called Strike
1-1: Ball
2-1: Ball
3-1: Foul Ball, location: 2F
3-2: Ground out U3 (Groundball, 34, EV 89.4 MPH)
Batting: LHB Orlando Sanchez 0-0: Called Strike
0-1: Called Strike
0-2: Strikes out swinging
Top of the 6th over - 0 runs, 0 hits, 0 errors, 0 left on base; Montreal 5 - Atlanta 5
BOTTOM OF THE 6TH
Atlanta Braves batting - Pitching for Montreal Expos : LHP Mark W Davis
Batting: RHB Adam Suman 0-0: Called Strike
0-1: Swinging Strike
0-2: Foul Ball, location: 2F
0-2: Ball
1-2: Ball
2-2: Foul Ball, location: 2F
2-2: Foul Ball, location: 2F
2-2: Foul Ball, location: 2F
2-2: Fly out, F5 (Popup, 25F, EV 93.1 MPH)
Batting: RHB Tom Veryzer 0-0: Called Strike
0-1: Ball
1-1: Ball
2-1: Foul Ball, location: 2F
2-2: Ground out 2-3 (Groundball, 2R, EV 70.6 MPH)
Pinch Hitting: SHB UL Washington 0-0: Ground out 6-3 (Groundball, 6S, EV 68.8 MPH)
Bottom of the 6th over - 0 runs, 0 hits, 0 errors, 0 left on base; Montreal 5 - Atlanta 5
TOP OF THE 7TH
Montreal Expos batting - Pitching for Atlanta Braves : RHP Alan Knicely
Pitching: RHP Charlie Lea
Batting: LHB Mark W Davis 0-0: Ball
1-0: Ground out 5-3 (Groundball, 25, EV 88.1 MPH)
Batting: LHB Duane Walker 0-0: Foul Ball, location: 2F
0-1: Ball
1-1: Ball
2-1: Fly out, F7 (Flyball, 78M, EV 94.4 MPH)
Batting: SHB Garry Templeton 0-0: Ball
1-0: Called Strike
1-1: Swinging Strike
1-2: Ball
2-2: Strikes out swinging
Top of the 7th over - 0 runs, 0 hits, 0 errors, 0 left on base; Montreal 5 - Atlanta 5
BOTTOM OF THE 7TH
Atlanta Braves batting - Pitching for Montreal Expos : LHP Mark W Davis
Batting: RHB Gil Flores 0-0: Ball
1-0: Ball
2-0: Swinging Strike
2-1: Foul Ball, location: 2F
2-2: SINGLE (Groundball, 56, EV 103.1 MPH) (infield hit)
Pitching: RHP Terry Leach
Batting: LHB Leon Durham 0-0: Ball
1-0: Ball
2-0: DOUBLE (Line Drive, 78D, EV 104.4 MPH)
Gil Flores to third
Batting: SHB Tony Fernandez 0-0: Fly out, F6 (Popup, 6D, EV 49.4 MPH)
Batting: LHB Karl Pagel 0-0: Called Strike
0-1: Ball
1-1: Called Strike
1-2: Ball
2-2: Strikes out swinging
Batting: LHB Joe L Morgan 0-0: Swinging Strike
0-1: DOUBLE (Groundball, 3L, EV 103.1 MPH)
Gil Flores scores
Leon Durham scores
Batting: LHB Mike Hargrove 0-0: Ball
1-0: Ball
2-0: Ball
3-0: Called Strike
3-1: Foul Ball, location: 2F
3-2: Ground out 5-3 (Groundball, 56, EV 86.3 MPH)
Bottom of the 7th over - 2 runs, 3 hits, 0 errors, 1 left on base; Montreal 5 - Atlanta 7
TOP OF THE 8TH
Montreal Expos batting - Pitching for Atlanta Braves : RHP Charlie Lea
Batting: LHB Kirk Gibson 0-0: Ball
1-0: Called Strike
1-1: Called Strike
1-2: Ball
2-2: SINGLE (Groundball, 25, EV 64.4 MPH) (infield hit)
Batting: RHB Dale Murphy 0-0: Called Strike
0-1: Swinging Strike
0-2: Ball
Wild Pitch!
Kirk Gibson to second
1-2: Strikes out swinging
Batting: RHB Dave Winfield 0-0: Ball
1-0: Called Strike
1-1: Foul Ball, location: 2F
1-2: Foul Ball, location: 2F
1-2: Strikes out looking
Batting: LHB Timnothy Meyer 0-0: Called Strike
0-1: Ball
1-1: Ball
2-1: Ball
3-1: Ground out U3 (Groundball, 3, EV 81.9 MPH)
Top of the 8th over - 0 runs, 1 hit, 0 errors, 1 left on base; Montreal 5 - Atlanta 7
BOTTOM OF THE 8TH
Atlanta Braves batting - Pitching for Montreal Expos : RHP Terry Leach
Batting: RHB Adam Suman 0-0: Ball
1-0: Foul Ball, location: 2F
1-1: Ground out 1-3 (Groundball, 15S, EV 71.9 MPH)
Batting: RHB Tom Veryzer 0-0: Fly out, F8 (Flyball, 89XD, EV 96.9 MPH)
Batting: RHB Charlie Lea 0-0: Called Strike
0-1: Called Strike
0-2: Strikes out looking
Bottom of the 8th over - 0 runs, 0 hits, 0 errors, 0 left on base; Montreal 5 - Atlanta 7
TOP OF THE 9TH
Montreal Expos batting - Pitching for Atlanta Braves : RHP Charlie Lea
Batting: LHB Ernesto Quevedo 0-0: Called Strike
0-1: Called Strike
0-2: Ball
1-2: Foul Ball, location: 2F
1-2: Fly out, F9 (Flyball, 9D, EV 95.6 MPH)
Batting: LHB Orlando Sanchez 0-0: Called Strike
0-1: Foul Ball, location: 2F
0-2: Ball
1-2: Ball
2-2: Strikes out swinging
Pinch Hitting: LHB Guonçalo Fernandes 0-0: Ball
1-0: Called Strike
1-1: Foul Ball, location: 2F
1-2: Fly out, F3 (Flyball, 3D, EV 78.8 MPH)
Top of the 9th over - 0 runs, 0 hits, 0 errors, 0 left on base; Montreal 5 - Atlanta 7
Thursday, August 6th, 2020 - OOTP Baseball 21.5 Build 76